 Dungeon Crawl Stone Soup version 0.30-a0-218-gedb9141078 (webtiles) character file.

Game seed: 7236635986246143377

6829 IdlyInterested the Fighter (level 10, 0/88 HPs)
             Began as a Demonspawn Gladiator on Oct 5, 2022.
             Killed from afar by an electric eel (7 damage)
             ... with a bolt of electricity
             ... on level 8 of the Dungeon.
             The game lasted 00:34:32 (8087 turns).

IdlyInterested the Fighter (Demonspawn Gladiator)   Turns: 8087, Time: 00:34:32

Health: 0/88       AC: 10    Str: 19    XL:     10   Next: 77%
Magic:  10/10      EV: 14    Int: 13    God:
Gold:   129        SH:  0    Dex: 23    Spells: 8/9 levels left

rFire   . . .      SeeInvis .    y - +0 rapier (venom)
rCold   . . .      Faith    .    (no shield)
rNeg    + . .      Spirit   .    i - +2 ring mail {rPois}
rPois   +          Reflect  .    c - +0 helmet
rElec   .          Harm     .    L - +0 cloak
rCorr   .          Rampage  .    t - +0 pair of gloves
Will    .....      Clarity  +    (no boots)
Stlth   ++++......               (no amulet)
HPRegen 0.34/turn                l - +6 ring of strength
MPRegen 0.12/turn                n - ring of positive energy

@: no status effects
A: claws 2, thin skeletal structure 1, demonic guardian 3, agile 1, clarity,
clever 1, screaming 1
a: no special abilities


You were on level 8 of the Dungeon.
You visited 2 branches of the dungeon, and saw 9 of its levels.
You also visited: Bailey.

You collected 308 gold pieces.
You spent 179 gold pieces at shops.

Inventory:

Hand Weapons
 a - a +2 rapier
 g - a +0 dagger of speed
 x - a +0 long sword
 y - a +0 rapier of venom (weapon)
 A - a +2 short sword of flaming
 F - a +0 broad axe of flaming
 O - a +3 dagger
 Q - a +2 dagger of electrocution
Missiles
 d - 2 throwing nets
 e - 6 javelins
 f - 54 poisoned darts (quivered)
 w - 5 boomerangs
 B - a silver boomerang
 V - 4 curare-tipped darts
Armour
 c - a +0 helmet (worn)
 i - a +2 ring mail of poison resistance (worn)
 t - a +0 pair of gloves (worn)
 z - a +0 tower shield
 H - +0 steam dragon scales
 K - a +0 kite shield
 L - a +0 cloak (worn)
 R - a +0 robe of fire resistance
Magical Staves
 D - a staff of earth
Jewellery
 b - an amulet of faith
 k - a ring of magical power
 l - a +6 ring of strength (left hand)
 n - a ring of positive energy (right hand)
Wands
 p - a wand of iceblast (8)
 v - a wand of charming (10)
 I - a wand of mindburst (28)
 M - a wand of polymorph (6)
Scrolls
 h - 5 scrolls of identify
 q - 3 scrolls of fear
 r - a scroll of magic mapping
 s - 2 scrolls of enchant armour
 C - 2 scrolls of fog
 E - a scroll of immolation
 P - a scroll of acquirement {unknown}
 S - a scroll of teleportation {unknown}
 T - a scroll of poison {unknown}
 U - 2 scrolls of enchant weapon
 W - a scroll of silence
Potions
 j - 2 potions of curing
 m - 3 potions of magic
 o - 3 potions of brilliance
 G - a potion of mutation
 J - a potion of flight
 N - a potion of resistance


   Skills:
 * Level 11.6 Fighting
 - Level 7.0 Short Blades
 - Level 4.0 Throwing
 + Level 5.4 Dodging
 * Level 5.7 Stealth
 - Level 4.0 Evocations


You had 8 spell levels left.
You knew the following spells:

 Your Spells              Type           Power      Damage    Failure   Level
a - Necrotise             Necr           0%         1d4       47%         1

Your spell library contained the following spells:

 Spells                   Type           Power      Damage    Failure   Level
 Apportation              Tloc           0%         N/A       47%         1
 Foxfire                  Conj/Fire      0%         2x1d4     47%         1
 Freeze                   Ice            0%         1d3       47%         1
 Summon Small Mammal      Summ           0%         N/A       47%         1
 Ensorcelled Hibernation  Hex/Ice        0%         N/A       63%         2
 Passwall                 Tmut/Erth      0%         N/A       63%         2
 Frozen Ramparts          Ice            0%         1d1       85%         3
 Hailstorm                Conj/Ice       0%         3d3       85%         3
 Portal Projectile        Hex/Tloc       0%         N/A       85%         3
 Spider Form              Tmut/Pois      0%         N/A       85%         3
 Swiftness                Air            0%         N/A       85%         3
 Tukima's Dance           Hex            0%         N/A       85%         3
 Anguish                  Hex/Necr       0%         N/A       99%         4
 Blade Hands              Tmut           0%         N/A       100%        5
 Fireball                 Conj/Fire      0%         3d3       100%        5
 Iskenderun's Battlesphe  Conj           0%         2d6       100%        5
 Iron Shot                Conj/Erth      0%         9d1       100%        6
 Starburst                Conj/Fire      0%         6d3       100%        6
 Spellforged Servitor     Conj/Summ      0%         N/A       100%        7


Dungeon Overview and Level Annotations

Branches:
Dungeon (8/15)             Temple (1/1) D:6          Bailey (visited)
   Lair: D:8-11

Altars:
Ashenzari
Cheibriados
Dithmenos
Fedhas
Gozag
Hepliaklqana
Kikubaaqudgha
Makhleb
Nemelex Xobeh
Okawaru
Qazlal
Ru
Sif Muna
Trog
Vehumet
Xom
Yredelemnul

Shops:
D:4 [   D:5 *


Innate Abilities, Weirdness & Mutations

You have very sharp fingernails.
You have a somewhat thin skeletal structure. (Dex +2, Stealth+)
A powerful demonic guardian rushes to your aid.
You are agile. (Dex +4, Str/Int -1)
You possess an exceptional clarity of mind.
Your mind is acute. (Int +4, Str/Dex -1)
You occasionally shout uncontrollably at your foes.


Message History

Items here: ( )) ††.
g - a +0 dagger of speed
f - 28 poisoned darts (gained 3)
Items here: ( ))))) [ ††.
Okay, then.
Things that are here:
a +0 dagger; 3 stones; a kobold corpse
f - 36 poisoned darts (gained 8)
Things that are here:
a +0 club; a kobold corpse You see here a +0 dagger.
Things that are here:
a +0 dagger; 3 stones; a kobold corpse
V - 4 curare-tipped darts (gained 2);
f - 54 poisoned darts (gained 18)
Items here: ))))) †.
Okay, then.
h - 5 scrolls of identify (gained 1)
You start resting.
An electric eel is nearby!
The electric eel shoots out a bolt of lightning at you!
The bolt of electricity misses you.
The electric eel shoots out a bolt of lightning at you!
The bolt of electricity hits you!
The electric eel shoots out a bolt of lightning at you!
The bolt of electricity hits you!
* * * LOW HITPOINT WARNING * * *
A demonic guardian appears!
You barely miss the electric eel. You puncture the electric eel!
The electric eel is poisoned.
The electric eel is heavily wounded.
The electric eel shoots out a bolt of lightning at you!
The bolt of electricity hits you!
* * * LOW HITPOINT WARNING * * *
The bolt of electricity hits your sun demon.
Your sun demon resists.
You closely miss the electric eel.
The electric eel is heavily wounded.
The electric eel shoots out a bolt of lightning at you!
The bolt of electricity hits you!
You die...

****,,,,,,**,..............#.####
,~~*,,,,*,##.....................
,,~*,,,,*,......>........###..##.
,,,***,,,.##.............# #...##
,,,,,,,**.......!........# ##..##
,,,**,,***#.........#.#### #....
,,~**,** ##.~≈~....#.########..#
~~~**,* #..~≈~(.<.....†....##.#
*****,* *#..~~S@.......####..#.#
*****,* #..~≈..3....)....###....
,,,**,* *#..~~..~...........###.#
,,,**,***......~~........#.......
∩,,*,,,,,...~...≈≈!.....†#)......
,,,,,****#.~~.∩.~~......)))......
,,,,,,,,,#.~~...≈~...####)#...<..
*,,,,,,,,..~~...~~...#..))#.....#
,,,,,,,,,*,~~.∩.~~...#...)#......


You could see an electric eel (very poisoned, ally target) and a friendly sun
demon (summoned).

Vanquished Creatures
  A two-headed ogre (Bailey)
  A death yak (D:8)
  2 polar bears (D:8)
  A wyvern (D:7)
  Sigmund (D:2)
  2 spriggans (Bailey)
  A yak (D:8)
  A steam dragon (D:7)
  Menkaure (D:6)
  A water moccasin (D:7)
  Duvessa (D:7)
  2 black bears
  3 ice beasts
  An ogre (Bailey)
  4 wolves (D:8)
  A phantom (D:5)
  7 kobold brigands
  5 bullfrogs
  2 scorpions (D:6)
  Dowan (D:7)
  A howler monkey (D:7)
  2 hounds
  A jelly (D:7)
  4 orc priests
  Crazy Yiuf (D:6)
  Jessica (D:2)
  2 iguanas
  2 orc wizards
  A gnoll (D:6)
  5 adders
  A shadow imp (D:6)
  2 white imps (D:8)
  4 ufetubi
  2 worms
  21 orcs
  5 bats
  An endoplasm (D:1)
  5 giant cockroaches
  8 goblins
  A hobgoblin (D:1)
  7 jackals
  14 kobolds
  4 quokkas
  3 ball pythons
  4 frilled lizards
  3 rats
  A spectral goblin (D:1)
  A butterfly (D:6)
146 creatures vanquished.

Vanquished Creatures (collateral kills)
  Maggie (D:6)
  A kobold demonologist (D:8)
  A spriggan (Bailey)
  A steam dragon (Bailey)
  An orc warrior (D:8)
  An ogre (Bailey)
  3 kobold brigands (D:8)
  A gnoll sergeant (D:6)
  A necrophage (D:8)
  A hornet simulacrum (D:8)
  A jelly (D:8)
  An orc priest (D:3)
  2 orc wizards (D:8)
  A killer bee simulacrum (D:8)
  2 gnolls (D:6)
  2 white imps (D:8)
  A howler monkey simulacrum (D:8)
  2 ufetubi (D:8)
  3 orcs (D:3)
  7 kobolds (D:8)
  A quokka (D:3)
35 creatures vanquished.

Vanquished Creatures (others)
  A gnoll (D:6)
1 creature vanquished.

Grand Total: 182 creatures vanquished

Notes
Turn   | Place    | Note
-------+----------+-------------------------------------------
     0 | D:1      | IdlyInterested the Demonspawn Gladiator began the quest for
                  | the Orb.
     0 | D:1      | Reached XP level 1. HP: 16/16 MP: 1/1
   123 | D:1      | Reached skill level 1 in Stealth
   178 | D:1      | Gained mutation: A weak demonic guardian rushes to your
                  | aid. [demonic ancestry]
   178 | D:1      | Reached XP level 2. HP: 22/22 MP: 2/2
   315 | D:1      | Found a faded altar of an unknown god.
   699 | D:2      | Noticed Sigmund
   719 | D:2      | Killed Sigmund
   720 | D:2      | Reached skill level 4 in Fighting
   720 | D:2      | Reached XP level 3. HP: 8/30 MP: 3/3
   720 | D:2      | Reached XP level 4. HP: 10/37 MP: 4/4
   720 | D:2      | Gained mutation: A demonic guardian rushes to your aid.
                  | [demonic ancestry]
   720 | D:2      | Reached XP level 5. HP: 12/42 MP: 5/5
  1255 | D:2      | Noticed Jessica
  1259 | D:2      | Killed Jessica
  1410 | D:2      | Reached skill level 1 in Evocations
  1981 | D:3      | Learned a level 1 spell: Necrotise
  1997 | D:3      | Gained mutation: A powerful demonic guardian rushes to your
                  | aid. [demonic ancestry]
  1997 | D:3      | Reached XP level 6. HP: 38/49 MP: 6/6
  2004 | D:3      | Found an opulent altar of Gozag.
  2686 | D:4      | Found Noosem's Armour Shop.
  2704 | D:4      | Found a bloodstained altar of Trog.
  2945 | D:4      | Reached skill level 5 in Fighting
  3017 | D:4      | Gained mutation: You have a somewhat thin skeletal
                  | structure. (Dex +2, Stealth+) [demonic ancestry]
  3017 | D:4      | Reached XP level 7. HP: 37/56 MP: 7/7
  3181 | D:5      | Entered Level 5 of the Dungeon
  3273 | D:5      | Found Wulocuehuu's General Store.
  3812 | D:5      | Found an ancient bone altar of Kikubaaqudgha.
  4268 | D:6      | Noticed Maggie
  4279 | D:6      | Killed Maggie
  4280 | D:6      | Reached skill level 6 in Fighting
  4280 | D:6      | Reached skill level 5 in Short Blades
  4315 | D:6      | Gained mutation: You have sharp fingernails. [demonic
                  | ancestry]
  4315 | D:6      | Reached XP level 8. HP: 54/64 MP: 8/8
  4329 | D:6      | Found a staircase to the Ecumenical Temple.
  4737 | D:6      | Gained mutation: Your spells are a little harder to cast,
                  | but a little more powerful. [potion of mutation]
  4737 | D:6      | Gained mutation: You occasionally shout uncontrollably at
                  | your foes. [potion of mutation]
  4738 | D:6      | Lost mutation: Your spells are a little harder to cast, but
                  | a little more powerful. [potion of mutation]
  4738 | D:6      | Lost mutation: You occasionally shout uncontrollably at
                  | your foes. [potion of mutation]
  4738 | D:6      | Gained mutation: You occasionally shout uncontrollably at
                  | your foes. [potion of mutation]
  4738 | D:6      | Gained mutation: You have hidden genetic potential. [potion
                  | of mutation]
  4738 | D:6      | Gained mutation: You possess an exceptional clarity of
                  | mind. [potion of mutation]
  4926 | D:6      | Reached skill level 7 in Fighting
  4959 | D:6      | Noticed Menkaure
  4971 | D:6      | Killed Menkaure
  5209 | D:6      | Found a runed translucent door.
  5210 | D:6      | Noticed Crazy Yiuf
  5219 | D:6      | Killed Crazy Yiuf
  5305 | D:5      | Bought 2 poisoned darts for 10 gold pieces
  5305 | D:5      | Bought a potion of heal wounds for 65 gold pieces
  5305 | D:5      | Bought a potion of ambrosia for 104 gold pieces
  5337 | Temple   | Entered the Ecumenical Temple
  5568 | D:7      | Reached skill level 8 in Fighting
  5577 | D:7      | Gained mutation: You have very sharp fingernails. [demonic
                  | ancestry]
  5577 | D:7      | Reached XP level 9. HP: 32/74 MP: 9/9
  5799 | D:7      | Reached skill level 5 in Stealth
  5821 | D:7      | Gained mutation: You are agile. (Dex +4, Str/Int -1)
                  | [hidden potential]
  5917 | D:7      | Found a stormy altar of Qazlal.
  6005 | D:7      | Noticed Duvessa
  6005 | D:7      | Noticed Dowan
  6018 | D:7      | Killed Dowan
  6019 | D:7      | Killed Duvessa
  6179 | D:7      | Reached skill level 9 in Fighting
  6462 | D:8      | Found a shadowy altar of Dithmenos.
  6536 | D:8      | Found a flagged portal.
  6600 | Bailey   | Entered a bailey
  6772 | Bailey   | Noticed a two-headed ogre
  6786 | Bailey   | Killed a two-headed ogre
  6787 | Bailey   | Reached skill level 10 in Fighting
  6788 | Bailey   | HP: 1/78 [spriggan/+0 spear (13)]
  6790 | Bailey   | Reached XP level 10. HP: 2/85 MP: 10/10
  6899 | Bailey   | Gained mutation: Your mind is acute. (Int +4, Str/Dex -1)
                  | [hidden potential]
  6899 | Bailey   | Lost mutation: You have hidden genetic potential. [hidden
                  | potential expressed]
  7547 | D:8      | Noticed a death yak
  7562 | D:8      | HP: 2/86 [polar bear (8)]
  7567 | D:8      | Killed a death yak
  7569 | D:8      | Reached skill level 11 in Fighting
  7897 | D:8      | Reached skill level 5 in Dodging
  7998 | D:8      | Noticed a soul eater
  8087 | D:8      | Killed from afar by an electric eel

Illustrated notes

Levels and vault maps discovered:
D:1:      spicycebolla_arrival_transporter_tutorial, layout_basic,
          dreamdust_ecumenical_altar_drowned_temple, minmay_misc_feat_pillars
D:2:      layout_loops_ring, uniq_jessica, uniq_sigmund
D:3:      layout_loops_ring, mainiacjoe_overflow_chevrons,
          chequers_serial_rivers_small_b
D:4:      layout_basic, kennysheep_mini_moat, serial_shops, shop, minivault_27,
          st_stairs_2, chequers_serial_rivers_small_3
D:5:      layout_basic, kiku_gazebo_garden_becter, serial_shops, shop_fountains
D:6:      layout_rooms, minmay_temple_entry_butterflies, uniq_menkaure,
          uniq_maggie, uniq_crazy_yiuf_cottage
D:7:      layout_basic, nicolae_qazlal_style_of_elements, tso_oasis_becter,
          grunt_ministairs_15, kennysheep_small_circle, uniq_duvessa
D:8:      layout_rooms, mainiacjoe_overflow_tiny_flanked, marbit_many_paths,
          special_room [special_room_kobold], enter_bailey_8, serial_ice,
          serial_ice_d, serial_ice_a, serial_ice_g, serial_ice_i, serial_ice_h,
          serial_ice_f, serial_ice_o, serial_ice_m, serial_ice_b, serial_ice_e
Temple:   nicolae_temple_ecumenical_triangle

Skill      XL: |  1  2  3  4  5  6  7  8  9 10 |
---------------+-------------------------------+-----
Stealth        | 1 3 4 5 |  5.7
Throwing       | 2 4 |  4.0
Fighting       | 4 5 6 8 10 11 | 11.6
Dodging        | 3 4 5 |  5.4
Short Blades   | 3 5 6 7 |  7.0
Evocations     | 1 2 4 |  4.0

Action                   |  1- 3 |  4- 6 |  7- 9 | 10-12 || total
-------------------------+-------+-------+-------+-------++-------
Melee: Rapier            |    80 |   143 |   253 |    84 ||   560
       Punch             |       |     1 |     4 |     1 ||     6
       Unarmed           |       |       |    11 |       ||    11
       Dagger            |       |       |     1 |    32 ||    33
Throw: Throwing net      |     2 |       |       |       ||     2
       Dart              |       |     6 |     9 |     1 ||    16
       Javelin           |       |       |     1 |     3 ||     4
       Boomerang         |       |       |       |     1 ||     1
Evoke: Wand              |       |     2 |     7 |       ||     9
  Use: Scroll            |       |    12 |     9 |       ||    21
       Potion            |       |       |     4 |     7 ||    11
 Stab: Sleeping          |     1 |     3 |     8 |     1 ||    13
       Distracted        |       |       |     1 |     1 ||     2
Armor: Leather armour    |    18 |       |       |       ||    18
       Ring mail         |    15 |    61 |   114 |    60 ||   250
       Skin              |       |       |     1 |       ||     1
Dodge: Dodged            |    48 |   107 |   158 |   109 ||   422

Table legend: (Time is in decaauts)
 A = Elapsed time spent in this place.
 B = Non-inter-level travel time spent in this place.
 C = Inter-level travel time spent in this place.
 D = Time resting spent in this place.
 E = Time spent auto-exploring this place.
 F = Levels seen in this place.
 G = Mean time per level.
                   A        B        C        D        E       F      G
               +--------+--------+--------+--------+--------+-----+--------+
         Total |   8083 |   7301 |    782 |   1359 |   3825 |  10 |  808.3 |
       Dungeon |   7287 |   6521 |    766 |    916 |   3741 |   8 |  910.9 |
        Temple |     45 |     29 |     16 |      0 |      0 |   1 |   45.0 |
        Bailey |    750 |    750 |      0 |    443 |     84 |   1 |  750.0 |
               +--------+--------+--------+--------+--------+-----+--------+

Top non-repeatable levels by time:
     D:5: 1223 daAuts
     D:7: 1015 daAuts
     D:6: 926 daAuts
     D:2: 878 daAuts
     D:8: 856 daAuts
     D:1: 837 daAuts
     D:3: 804 daAuts
  Bailey: 750 daAuts
     D:4: 744 daAuts
  Temple: 45 daAuts
